 Dungeon Crawl Stone Soup version 0.21.1-1-g345015f (webtiles) character file.

256 sking99 the Magician (level 6, -14/44 HPs)
             Began as a Gnoll Wizard on July 1, 2018.
             Demolished by Blork the orc
             ... wielding a +0 glaive
              (15 damage)
             ... on level 4 of the Dungeon.
             The game lasted 00:10:34 (4473 turns).

sking99 the Magician (Gnoll Wizard)                 Turns: 4473, Time: 00:10:35

Health: -14/44     AC:  3    Str:  9    XL:     6   Next: 15%
Magic:  3/16       EV: 20    Int: 23    God:
Gold:   161        SH:  0    Dex: 18    Spells: 8/19 levels left

rFire    . . .     SeeInvis .   h - +0 whip
rCold    . . .     Gourm    .   (no shield)
rNeg     . . .     Faith    .   a - +0 robe
rPois    .         Spirit   .   b - +0 hat
rElec    .         Reflect  .   o - +0 cloak
rCorr    .         Harm     .   (no gloves)
MR       .....                  (no boots)
Stlth    ++++......             (no amulet)
HPRegen  0.14/turn              (no ring)
MPRegen  0.15/turn              (no ring)

@: agile
A: distributed training, fangs 1, strong nose
a: no special abilities


You were on level 4 of the Dungeon.
You were hungry.

You visited 1 branch of the dungeon, and saw 4 of its levels.

You collected 161 gold pieces.

Inventory:

Hand Weapons
 h - a +0 whip (weapon)
Armour
 a - a +0 robe (worn)
 b - a +0 hat (worn)
 o - a +0 cloak (worn)
Scrolls
 f - 5 scrolls of identify {unknown}
 i - a scroll of remove curse {unknown}
 k - a scroll of immolation {unknown}
 l - 2 scrolls of teleportation {unknown}
 n - a scroll of enchant weapon {unknown}
 p - a scroll of magic mapping {unknown}
Potions
 g - a potion of haste {unknown}
 m - a potion of curing {unknown}
Books
 c - a book of Minor Magic

   Spells                             Type                      Level
   a - Magic Dart                     Conjuration                  1
   b - Blink                          Translocation                2
   c - Call Imp                       Summoning                    2
   d - Slow                           Hexes                        2
   e - Conjure Flame                  Conjuration/Fire             3
   f - Mephitic Cloud                 Conjuration/Poison/Air       3
Comestibles
 d - 7 rations


   Skills:
 + Level 1.8 Fighting
 + Level 1.8 Short Blades
 + Level 1.8 Long Blades
 + Level 1.8 Axes
 + Level 1.8 Maces & Flails
 + Level 1.8 Polearms
 + Level 1.8 Staves
 + Level 1.8 Slings
 + Level 1.8 Bows
 + Level 1.8 Crossbows
 + Level 1.8 Throwing
 + Level 1.8 Armour
 + Level 4.9 Dodging
 + Level 4.5 Stealth
 + Level 1.8 Shields
 + Level 1.8 Unarmed Combat
 + Level 7.3 Spellcasting
 + Level 2.5 Conjurations
 + Level 1.4 Hexes
 + Level 1.4 Charms
 + Level 2.5 Summonings
 + Level 1.4 Necromancy
 + Level 2.5 Translocations
 + Level 1.4 Transmutations
 + Level 1.4 Fire Magic
 + Level 1.4 Ice Magic
 + Level 1.4 Air Magic
 + Level 1.4 Earth Magic
 + Level 1.4 Poison Magic
 + Level 2.0 Invocations
 + Level 1.8 Evocations


You had 8 spell levels left.
You knew the following spells:

 Your Spells              Type           Power        Failure   Level  Hunger
a - Magic Dart            Conj           ###.         2%          1    None
b - Blink                 Tloc           N/A          3%          2    None
c - Call Imp              Summ           ###.....     3%          2    None
d - Conjure Flame         Conj/Fire      ###.....     10%         3    None
e - Mephitic Cloud        Conj/Pois/Air  ###.....     11%         3    None


Dungeon Overview and Level Annotations

Branches:
Dungeon (4/15)
 Temple: D:4-7

Altars:
Elyvilon
Hepliaklqana
Ru

Annotations:
D:4 Blork the orc


Innate Abilities, Weirdness & Mutations

Your experience applies equally to all skills.
You have very sharp teeth.
Your uncanny sense of smell can sniff out nearby items.


Message History

Okay, then.
Casting: Magic Dart
Confirm with . or Enter, or press ? or * to list all spells.
Aiming: Magic Dart
Press: ? - help, Shift-Dir - straight line You hear some strange, mumbled words.
A puff of flame appears from out of thin air!
The puff of flame hits you!
* * * LOW HITPOINT WARNING * * *
Casting: Magic Dart
Confirm with . or Enter, or press ? or * to list all spells.
Aiming: Magic Dart
Press: ? - help, Shift-Dir - straight line The magic dart hits something.
Blork the orc appears from thin air!
Reactivating autopickup.
Blork the orc closely misses you.
It was a potion of agility.
You feel agile all of a sudden.
Blork the orc hits you from afar with a glaive!
You die...

##......# #..#
##.....## ##.## #.
##.....# #..# .
#...)..# #..## #
#...#...## ##..# #
.....##...# #..# #
..... ##.o## #..##
###. ##..##
##..##### #.@.#
#.......####
#....#....##......#
##......######.....
#.....## ###...
......# ##..
......# #.. #.....#
#... ##....# #....
#....


You could see Blork the orc.

Vanquished Creatures
  An orc priest (D:3)
  An orc wizard (D:3)
  A worker ant (D:4)
  4 adders
  4 worms
  3 dart slugs
  3 leopard geckos
  11 orcs
  13 bats
  A giant cockroach (D:2)
  20 goblins
  6 hobgoblins
  2 quokkas (D:2)
  2 frilled lizards (D:1)
  8 kobolds
  5 rats
85 creatures vanquished.

Vanquished Creatures (collateral kills)
  Robin (D:2)
  2 adders
  A dart slug (D:2)
  A leopard gecko (D:2)
  A giant cockroach (D:2)
  A hobgoblin (D:2)
  A rat (D:2)
8 creatures vanquished.

Grand Total: 93 creatures vanquished

Notes
Turn   | Place    | Note
-------+----------+-------------------------------------------
     0 | D:1      | sking99 the Gnoll Wizard began the quest for the Orb.
     0 | D:1      | Reached XP level 1. HP: 13/13 MP: 8/8
   203 | D:1      | Reached XP level 2. HP: 19/19 MP: 7/10
   293 | D:1      | Learned a level 2 spell: Blink
   296 | D:1      | Learned a level 2 spell: Call Imp
   662 | D:1      | Reached XP level 3. HP: 25/25 MP: 8/11
  1175 | D:2      | Reached skill level 1 in Invocations
  1520 | D:2      | Noticed Robin
  1527 | D:2      | Reached skill level 1 in Fighting
  1527 | D:2      | Reached skill level 1 in Short Blades
  1527 | D:2      | Reached skill level 1 in Long Blades
  1527 | D:2      | Reached skill level 1 in Axes
  1527 | D:2      | Reached skill level 1 in Maces & Flails
  1527 | D:2      | Reached skill level 1 in Polearms
  1527 | D:2      | Reached skill level 1 in Staves
  1527 | D:2      | Reached skill level 1 in Slings
  1527 | D:2      | Reached skill level 1 in Bows
  1527 | D:2      | Reached skill level 1 in Crossbows
  1527 | D:2      | Reached skill level 1 in Throwing
  1527 | D:2      | Reached skill level 1 in Armour
  1527 | D:2      | Reached skill level 1 in Shields
  1527 | D:2      | Reached skill level 1 in Unarmed Combat
  1527 | D:2      | Reached skill level 1 in Evocations
  1568 | D:1      | Reached XP level 4. HP: 4/32 MP: 3/13
  2276 | D:2      | Killed Robin
  2276 | D:2      | Reached skill level 1 in Hexes
  2276 | D:2      | Reached skill level 1 in Charms
  2276 | D:2      | Reached skill level 1 in Necromancy
  2276 | D:2      | Reached skill level 1 in Transmutations
  2276 | D:2      | Reached skill level 1 in Fire Magic
  2276 | D:2      | Reached skill level 1 in Ice Magic
  2276 | D:2      | Reached skill level 1 in Air Magic
  2276 | D:2      | Reached skill level 1 in Earth Magic
  2276 | D:2      | Reached skill level 1 in Poison Magic
  2291 | D:2      | Learned a level 3 spell: Conjure Flame
  2295 | D:2      | Learned a level 3 spell: Mephitic Cloud
  2677 | D:2      | Found a sacrificial altar of Ru.
  2762 | D:3      | Reached XP level 5. HP: 36/37 MP: 9/14
  4062 | D:3      | Found a white marble altar of Elyvilon.
  4171 | D:4      | Found a hazy altar of Hepliaklqana.
  4192 | D:4      | Reached XP level 6. HP: 40/44 MP: 5/16
  4399 | D:4      | Noticed Blork the orc
  4459 | D:4      | HP: 2/44 [something/magic dart (6)]
  4471 | D:4      | HP: 1/44 [something/puff of flame (6)]
  4473 | D:4      | Demolished by Blork the orc

Skill      XL: |  1  2  3  4  5 |
---------------+----------------+-----
Conjurations   | 2 |  2.5
Summonings     | 2 |  2.5
Translocations | 2 |  2.5
Invocations    | 1 2 |  2.0
Fighting       | 1 |  1.8
Short Blades   | 1 |  1.8
Long Blades    | 1 |  1.8
Axes           | 1 |  1.8
Maces & Flails | 1 |  1.8
Polearms       | 1 |  1.8
Staves         | 1 |  1.8
Slings         | 1 |  1.8
Bows           | 1 |  1.8
Crossbows      | 1 |  1.8
Throwing       | 1 |  1.8
Armour         | 1 |  1.8
Shields        | 1 |  1.8
Unarmed Combat | 1 |  1.8
Evocations     | 1 |  1.8
Hexes          | 1 |  1.4
Charms         | 1 |  1.4
Necromancy     | 1 |  1.4
Transmutations | 1 |  1.4
Fire Magic     | 1 |  1.4
Ice Magic      | 1 |  1.4
Air Magic      | 1 |  1.4
Earth Magic    | 1 |  1.4
Poison Magic   | 1 |  1.4
Dodging        | |  4.9
Stealth        | |  4.5
Spellcasting   | |  7.3

Action                   |  1- 3 |  4- 6 || total
-------------------------+-------+-------++-------
Melee: Whip              |     2 |    15 ||    17
       Bite              |       |     2 ||     2
 Cast: Magic Dart        |    75 |   171 ||   246
       Call Imp          |     1 |     7 ||     8
  Use: Potion            |       |     3 ||     3
  Eat: Chunk             |     2 |     8 ||    10
Armor: Robe              |     7 |     4 ||    11
Dodge: Dodged            |    16 |    39 ||    55
